Cogmind - Beta 12 @@@ ROGUE MODE // 2023.03.23 @ 13:32:32 Player: lyrabold Result: Self-destructed Performance ------------- Evolutions (7) 3500 Regions Visited (8) 1600 Robots Destroyed (2) 10 Value Destroyed (106) 106 Prototype IDs (1) 20 Alien Tech Used (0) 0 Bonus (4085) 4085 TOTAL SCORE: 9321 Bonus ------- Pacifist 4085 Cogmind --------- Core Integrity 937/1300 Matter 227/300 Energy 87/100 System Corruption 0% Temperature Cool (0) Movement Core (50) Location -3/Research Parts ------- > --- POWER (1) -------- (None) > --- PROPULSION (9) --- (None) > --- UTILITY (9) ------ Enhanced Optical Array Signal Interpreter Signal Interpreter Improved Terrain Scan Processor > --- WEAPON (2) ------- (None) > --- INVENTORY (5) ---- Light Nuclear Core Myomer Leg Hardened Light Armor Plating Improved Light Armor Plating Peak State ------------ > --- POWER ------------ (None) > --- PROPULSION ------- Antigrav Array Antigrav Array > --- UTILITY ---------- Enhanced Optical Array Signal Interpreter Signal Interpreter Improved Terrain Scan Processor Hacking Suite > --- WEAPON ----------- Heavy Linear Accelerator > --- INVENTORY -------- Light Nuclear Core Myomer Leg Hardened Light Armor Plating Improved Light Armor Plating Grenade Launcher [Rating: 62] Favorites ----------- Power None Propulsion Armored Leg Treads Advanced Treads Leg Armored Leg Wheel Armored Huge Wheel Hover Unit Antigrav Array Flight Unit Nuclear Pulse Array Utility Signal Interpreter Processor Signal Interpreter Hackware Hacking Suite Protection Hardened Light Armor Plating Weapon Grenade Launcher Ballistic Cannon Heavy Linear Accelerator Launcher Grenade Launcher Build | -11 -10 -9 -8 -7 -6 -5 -4 -3 ------- Run | Jun Mat Mat Mat Fac Fac Fac Fac Res Slots Evolved 14 | . . 2 2 2 2 2 2 2 Power . | . . . . . . . . . Propulsion 7 | . . 1 1 1 1 1 1 1 Utility 7 | . . 1 1 1 1 1 1 1 Weapon . | . . . . . . . . . Parts Attached 26 | 2 2 2 2 3 4 1 1 9 Power . | . . . . . . . . . Engine . | . . . . . . . . . Core . | . . . . . . . . . Reactor . | . . . . . . . . . Propulsion 16 | 2 . 1 2 2 2 1 1 5 Treads 5 | 2 . . 2 . . . . 1 Leg 4 | . . 1 . 1 2 . . . Wheel 1 | . . . . 1 . . . . Hover 3 | . . . . . . . . 3 Flight 3 | . . . . . . 1 1 1 Utility 7 | . 2 . . 1 2 . . 2 Device . | . . . . . . . . . Storage . | . . . . . . . . . Processor 4 | . 2 . . . 2 . . . Hackware 2 | . . . . 1 . . . 1 Protection 1 | . . . . . . . . 1 Artifact . | . . . . . . . . . Weapon 3 | . . 1 . . . . . 2 Energy Gun . | . . . . . . . . . Energy Cannon . | . . . . . . . . . Ballistic Gun . | . . . . . . . . . Ballistic Cannon 1 | . . . . . . . . 1 Launcher 2 | . . 1 . . . . . 1 Special Weapon . | . . . . . . . . . Impact Weapon . | . . . . . . . . . Slashing Weapon . | . . . . . . . . . Piercing Weapon . | . . . . . . . . . Special Melee Weapon . | . . . . . . . . . Unidentified Prototypes 1 | . . . . . . 1 . . Parts Lost 17 | . . 2 1 1 . 1 4 8 Power . | . . . . . . . . . Propulsion 14 | . . 2 1 1 . 1 4 5 Utility 2 | . . . . . . . . 2 Weapon 1 | . . . . . . . . 1 Highest Loss Streak 6 | . . 2 1 1 . 1 2 6 To Critical Strikes 1 | . . . . . . . . 1 Average Slot Usage (%) 40 | . 38 45 23 32 54 56 44 38 Treads 8 | . 28 18 3 13 6 4 . 2 Leg 5 | . . 4 2 1 14 17 13 . Wheel 2 | . . . . 2 6 5 3 . Hover 1 | . . . . . . . . 7 Processor 18 | . 10 22 18 15 19 23 21 19 Hackware 2 | . . . . . 6 5 5 5 Naked Turns . | . . . . . . . . . Heaviest Build 5 | . . . . . . . . 5 Greatest Support 45 | 3 3 3 3 45 3 3 3 35 Greatest Overweight (x) . | . . . . . . . . . Average Overweight (x) . | . . . . . . . . . Largest Inventory Capacity 5 | 5 5 5 5 5 5 5 5 5 Average Capacity 5 | 5 5 5 5 5 5 5 5 5 Most Carried 5 | . 1 3 5 5 5 5 5 5 Average Carried 4 | . . 2 3 5 5 5 5 4 Final Capacity 5 | 5 5 5 5 5 5 5 5 5 Final Carried 5 | . 1 3 5 5 5 5 5 4 Class Distribution -------------------- 100% | Mutant Dominant Class ---------------- Mutant | -10/Materials Mutant | -9/Materials Mutant | -8/Materials Mutant | -7/Factory Mutant | -6/Factory Mutant | -5/Factory Mutant | -4/Factory Mutant | -3/Research Resources | -11 -10 -9 -8 -7 -6 -5 -4 -3 ----------- Run | Jun Mat Mat Mat Fac Fac Fac Fac Res Matter Collected 297 | 83 . . . . 70 . 144 . Remotely . | . . . . . . . . . Salvage Created 38 | . . . . . . . . 38 Parts 5 | . . . . . . . . 5 Haulers Intercepted . | . . . . . . . . . Recyclers Shooed . | . . . . . . . . . Parts Field Recycled . | . . . . . . . . . Retrieved Matter . | . . . . . . . . . Parts Self-Destructed . | . . . . . . . . . Prevented . | . . . . . . . . . Kills | -11 -10 -9 -8 -7 -6 -5 -4 -3 ------- Run | Jun Mat Mat Mat Fac Fac Fac Fac Res Combat Hostiles Destroyed 2 | . . . . . . . . 2 AOE 2 | . . . . . . . . 2 Classes Destroyed 1 | . . . . . . . . 1 Swarmer 2 | . . . . . . . . 2 Best Kill Streak 2 | . . . . . . . . 2 Combat Bots Only 2 | . . . . . . . . 2 Max Kills in Single Turn 2 | . . . . . . . . 2 Gunslinging . | . . . . . . . . . Exploded 2 | . . . . . . . . 2 Melee . | . . . . . . . . . Uniques/NPCs Destroyed . | . . . . . . . . . Combat | -11 -10 -9 -8 -7 -6 -5 -4 -3 -------- Run | Jun Mat Mat Mat Fac Fac Fac Fac Res Damage Taken 4062 | . 266 242 468 296 237 279 1035 1239 Core 1360 | . 72 83 364 67 33 45 333 363 Absorbed by Shields . | . . . . . . . . . Core Remaining (%) 79 | 100 71 79 33 90 96 95 71 . Volleys Fired 3 | . . 1 . . . . . 2 Largest 1 | . . 1 . . . . . 1 Hottest 30 | . . 30 . . . . . 30 Shots Fired 3 | . . 1 . . . . . 2 Gun . | . . . . . . . . . Cannon . | . . . . . . . . . Launcher 3 | . . 1 . . . . . 2 Special . | . . . . . . . . . Kinetic . | . . . . . . . . . Thermal . | . . . . . . . . . Explosive 3 | . . 1 . . . . . 2 Electromagnetic . | . . . . . . . . . Robot Hit Streak 1 | . . . . . . . . 1 Robot Miss Streak 1 | . . . . . . . . 1 Penetration Max . | . . . . . . . . . Secondary Targets . | . . . . . . . . . Shots Hit Robots 1 | . . . . . . . . 1 Core Hits 14 | . 1 2 . . . 1 1 9 Critical Kills . | . . . . . . . . . Critical Parts Destroyed . | . . . . . . . . . Critical Strikes . | . . . . . . . . . Melee Attacks . | . . . . . . . . . Impact . | . . . . . . . . . Slashing . | . . . . . . . . . Piercing . | . . . . . . . . . Sneak Attacks . | . . . . . . . . . Combat Hostiles . | . . . . . . . . . Follow-up Attacks . | . . . . . . . . . Damage Inflicted 288 | . 16 19 6 22 . 4 7 214 Guns . | . . . . . . . . . Cannons . | . . . . . . . . . Explosions 205 | . . . . . . . . 205 Melee . | . . . . . . . . . Ramming 83 | . 16 19 6 22 . 4 7 9 Kinetic . | . . . . . . . . . Thermal . | . . . . . . . . . Explosive 205 | . . . . . . . . 205 Electromagnetic . | . . . . . . . . . Impact . | . . . . . . . . . Slashing . | . . . . . . . . . Piercing . | . . . . . . . . . Highest Corruption 4 | . 1 . 1 3 4 1 2 . Average Corruption 1 | . 1 . 1 2 4 1 2 . Corruption Purged . | . . . . . . . . . Corruption Blocked . | . . . . . . . . . Effects 1 | . . . . . 1 . . . Matter Fused 1 | . . . . . 1 . . . Overload Shots . | . . . . . . . . . Overflow Damage 5 | . . . . . . . . 5 Projectiles . | . . . . . . . . . Explosions 5 | . . . . . . . . 5 Melee . | . . . . . . . . . Knockbacks . | . . . . . . . . . Impact . | . . . . . . . . . Kinetic . | . . . . . . . . . Secondary . | . . . . . . . . . Self-Inflicted Damage 69 | . 6 15 3 10 . 1 3 31 Shots 3 | . . 1 . . . . . 2 Rammed 23 | . 6 3 1 4 . 2 6 1 Targets Rammed 23 | . 6 3 1 4 . 2 6 1 Kicked . | . . . . . . . . . Crushed . | . . . . . . . . . Highest Temperature 23 | . 2 . . . . . 23 . Average Temperature 14 | . 2 . . . . . 20 . Received Heat Transfer 1065 | . 126 30 198 126 . 108 348 129 Siege Activations . | . . . . . . . . . Robots Corrupted . | . . . . . . . . . Combat Hostiles . | . . . . . . . . . Parts Fried . | . . . . . . . . . Impact Corruptions . | . . . . . . . . . Robots Melted . | . . . . . . . . . Combat Hostiles . | . . . . . . . . . Parts Melted . | . . . . . . . . . Heat Transferred . | . . . . . . . . . Parts Sabotaged . | . . . . . . . . . Parts Stolen . | . . . . . . . . . Parts Stripped . | . . . . . . . . . Power Chain Reactions . | . . . . . . . . . Missiles Intercepted . | . . . . . . . . . Alert | -11 -10 -9 -8 -7 -6 -5 -4 -3 ------- Run | Jun Mat Mat Mat Fac Fac Fac Fac Res Peak Influence 273 | . 30 132 184 160 108 68 161 273 Initial 92 | . . 12 51 83 78 52 28 92 Average 86 | . 24 68 91 119 91 54 54 133 Maximum Alert Level 1 | . . . . . . . . 1 Low Security (%) 97 | 100 100 100 100 100 100 100 100 88 Level 1 2 | . . . . . . . . 11 Level 2 . | . . . . . . . . . Level 3 . | . . . . . . . . . Level 4 . | . . . . . . . . . Level 5 . | . . . . . . . . . High Security . | . . . . . . . . . Max Security . | . . . . . . . . . Squads Dispatched 16 | . 2 3 2 1 2 1 3 2 Investigation 11 | . 1 2 1 1 1 1 2 2 Extermination . | . . . . . . . . . Reinforcement 5 | . 1 1 1 . 1 . 1 . Assault . | . . . . . . . . . Garrison . | . . . . . . . . . Intercept . | . . . . . . . . . Searches Triggered . | . . . . . . . . . Construction Impeded . | . . . . . . . . . Haulers Reinforced . | . . . . . . . . . Active Scanning Responses . | . . . . . . . . . Cargo Convoy Interrupts . | . . . . . . . . . Stealth | -11 -10 -9 -8 -7 -6 -5 -4 -3 --------- Run | Jun Mat Mat Mat Fac Fac Fac Fac Res Distress Signals 5 | . . 3 2 . . . . . Communications Jammed . | . . . . . . . . . Distress Signals . | . . . . . . . . . Times Spotted 102 | . 12 13 15 7 11 5 23 16 Peak Tracking Total 18 | . 10 12 11 7 10 5 18 14 Tactical Retreats 9 | . . 1 4 . . . 2 2 Traps | -11 -10 -9 -8 -7 -6 -5 -4 -3 ------- Run | Jun Mat Mat Mat Fac Fac Fac Fac Res Traps Triggered 6 | . . . 1 1 1 . . 3 Indirectly . | . . . . . . . . . Trap Hack Attempts . | . . . . . . . . . Triggered . | . . . . . . . . . Disarmed . | . . . . . . . . . Reprogrammed . | . . . . . . . . . Reused . | . . . . . . . . . Traps Extracted . | . . . . . . . . . Installed . | . . . . . . . . . Triggered . | . . . . . . . . . Machines | -11 -10 -9 -8 -7 -6 -5 -4 -3 ---------- Run | Jun Mat Mat Mat Fac Fac Fac Fac Res Machines Disabled 2 | . . 2 . . . . . . Max in Single Turn 2 | . . 2 . . . . . . Garrison Access 1 | . . . . . . . . 1 Machines Repaired . | . . . . . . . . . Machines Sabotaged . | . . . . . . . . . Overloaded Fab Kills . | . . . . . . . . . Hacking | -11 -10 -9 -8 -7 -6 -5 -4 -3 --------- Run | Jun Mat Mat Mat Fac Fac Fac Fac Res Machines Accessed 14 | . 2 2 1 1 2 1 2 3 Terminals 12 | . 2 2 1 1 1 1 2 2 Fabricators . | . . . . . . . . . Repair Stations . | . . . . . . . . . Recycling Units . | . . . . . . . . . Scanalyzers . | . . . . . . . . . Garrison Access 2 | . . . . . 1 . . 1 Total Hacks 44 | . 6 10 3 4 4 2 6 9 Successful 13 | . 1 6 1 . 1 1 1 2 Failed 31 | . 5 4 2 4 3 1 5 7 Catastrophic 6 | . 2 1 . . 1 1 . 1 Database Lockouts . | . . . . . . . . . Manual 32 | . 6 9 3 . 4 . 5 5 Terminals 40 | . 6 10 3 4 2 2 6 7 Fabricators . | . . . . . . . . . Repair Stations . | . . . . . . . . . Recycling Units . | . . . . . . . . . Scanalyzers . | . . . . . . . . . Garrison Access 4 | . . . . . 2 . . 2 Terminal Hacks 7 | . . 4 1 . . 1 1 . Level Access Points 3 | . . 1 . . . 1 1 . Branch Access Points 2 | . . 1 1 . . . . . Zone Layout 2 | . . 2 . . . . . . Fabricator Hacks . | . . . . . . . . . Repair Station Hacks . | . . . . . . . . . Recycling Unit Hacks . | . . . . . . . . . Scanalyzer . | . . . . . . . . . Garrison Access Hacks 1 | . . . . . . . . 1 Seal Access 1 | . . . . . . . . 1 Unauthorized Hacks 5 | . 1 2 . . 1 . . 1 Terminals 4 | . 1 2 . . . . . 1 Botnet 4 | . 1 2 . . . . . 1 Fabricators . | . . . . . . . . . Repair Stations . | . . . . . . . . . Recycling Units . | . . . . . . . . . Scanalyzers . | . . . . . . . . . Garrison Access 1 | . . . . . 1 . . . Watchers 1 | . . . . . 1 . . . Data Cores Recovered . | . . . . . . . . . Used . | . . . . . . . . . Hacking Detections 14 | . 2 2 1 1 2 1 2 3 Full Trace Events 11 | . 2 2 . 1 1 1 2 2 Feedback Events 2 | . . . . . . 1 . 1 Corruption 1 | . . . . . . 1 . . Hackware Fried 1 | . . . . . . . . 1 Feedback Blocked . | . . . . . . . . . Robot Schematics Acquired . | . . . . . . . . . Robots Built . | . . . . . . . . . Authchips . | . . . . . . . . . Time . | . . . . . . . . . Total Robot Build Rating . | . . . . . . . . . Part Schematics Acquired . | . . . . . . . . . Parts Built . | . . . . . . . . . Authchips . | . . . . . . . . . Time . | . . . . . . . . . Total Part Build Rating . | . . . . . . . . . Parts Repaired . | . . . . . . . . . Time . | . . . . . . . . . Parts Recycled . | . . . . . . . . . Recycled Matter . | . . . . . . . . . Retrieved Matter . | . . . . . . . . . Retrieved Components . | . . . . . . . . . Parts Scanalyzed . | . . . . . . . . . Part Schematics Acquired . | . . . . . . . . . Parts Damaged . | . . . . . . . . . Bothacking | -11 -10 -9 -8 -7 -6 -5 -4 -3 ------------ Run | Jun Mat Mat Mat Fac Fac Fac Fac Res Used RIF Installer . | . . . . . . . . . Robots Hacked . | . . . . . . . . . Non-combat . | . . . . . . . . . Combat . | . . . . . . . . . Robot Hacks Applied . | . . . . . . . . . Relay Couplers Released . | . . . . . . . . . Fabnet Peak Effective % . | . . . . . . . . . Robots Rewired 1 | . . . . 1 . . . . Allies Hacked . | . . . . . . . . . Hacks Repelled . | . . . . . . . . . Allies | -11 -10 -9 -8 -7 -6 -5 -4 -3 -------- Run | Jun Mat Mat Mat Fac Fac Fac Fac Res Total Allies 4 | . . . . 4 . . . . Largest Group 4 | . . . . 4 . . . . Highest-Rated Group 127 | . . . . 127 . . . . Highest-Rated Ally 34 | . . . . 34 . . . . Total Orders . | . . . . . . . . . Ally Attacks 3 | . . . . 3 . . . . Total Damage 180 | . . . . 180 . . . . Kills 2 | . . . . 2 . . . . Allies Corrupted . | . . . . . . . . . Allies Melted . | . . . . . . . . . Intel | -11 -10 -9 -8 -7 -6 -5 -4 -3 ------- Run | Jun Mat Mat Mat Fac Fac Fac Fac Res Robot Analysis Total . | . . . . . . . . . Derelict Logs Recovered . | . . . . . . . . . Drone Launches . | . . . . . . . . . Drone Recoveries . | . . . . . . . . . Exploration | -11 -10 -9 -8 -7 -6 -5 -4 -3 ------------- Run | Jun Mat Mat Mat Fac Fac Fac Fac Res Turns Passed 876 | 15 79 74 129 123 148 42 115 151 Spaces Moved 1595 | 25 137 127 245 221 283 74 215 268 Core 1518 | 25 137 127 245 220 283 74 215 192 Treads 3 | . . . . 1 . . . 2 Legs . | . . . . . . . . . Wheels . | . . . . . . . . . Hover 5 | . . . . . . . . 5 Flight 69 | . . . . . . . . 69 Fastest Speed 35 | 50 50 50 50 50 50 50 50 35 Average Speed 49 | 50 50 50 50 50 50 50 50 47 Slowest Speed 152 | 50 50 50 50 152 50 50 50 145 Overloaded Moves . | . . . . . . . . . Propulsion Burnouts . | . . . . . . . . . Robots Hopped 1 | . . . . . . . . 1 Cave-ins Triggered . | . . . . . . . . . Exploration Rate (%) 18 | 4 36 22 43 14 15 6 10 16 Regions Visited 8 Branch Regions . Pre-discovered Areas . | . . . . . . . . . Known Exits Taken 7 | . 1 1 1 1 1 1 1 . Unknown Exits Taken 1 | 1 . . . . . . . . Scrap Searched . | . . . . . . . . . Spaces Dug 7 | . . 7 . . . . . . Terrain Destroyed 12 | . . 7 . . . . . 5 Melee . | . . . . . . . . . Projectile . | . . . . . . . . . AOE 12 | . . 7 . . . . . 5 Terrain Rammed . | . . . . . . . . . Walls Destroyed . | . . . . . . . . . Machines Disabled . | . . . . . . . . . Actions | -11 -10 -9 -8 -7 -6 -5 -4 -3 --------- Run | Jun Mat Mat Mat Fac Fac Fac Fac Res Total 1659 | 26 145 135 249 230 286 79 221 288 Wait . | . . . . . . . . . Move 1586 | 24 136 126 244 221 282 73 214 266 Hop 1 | . . . . . . . . 1 Pick Up 7 | . 1 2 2 . . 1 . 1 Fast Attach 22 | 2 2 1 2 3 4 1 1 6 Attach 4 | . . 1 . . . . . 3 Detach 2 | . . 1 . . . . . 1 Swap . | . . . . . . . . . Drop 4 | . . . . . . 2 . 2 Fire 3 | . . 1 . . . . . 2 Melee . | . . . . . . . . . Ram 22 | . 6 3 1 3 . 2 6 1 Kick . | . . . . . . . . . Crush . | . . . . . . . . . Escape Stasis 7 | . . . . 2 . . . 5 Rewire 1 | . . . . 1 . . . . Trap . | . . . . . . . . . Miscellaneous . | . . . . . . . . . Route ------- -11/Junkyard -10/Materials -9/Materials (discovered 5 exits: *Mat x3 / *Min x2) -8/Materials (discovered 2 exits: *Fac / Sto) -7/Factory -6/Factory -5/Factory (discovered 4 exits: *Fac x4) -4/Factory (discovered 4 exits: *Res x4) -3/Research History --------- Turn | Location | Event 10 | -11/Junkyard | Discovered new exit (range 15) 16 | -11/Junkyard | Entered Materials 87 | -10/Materials | Discovered new exit (range 15) 94 | -10/Materials | Identified exit to Materials 95 | -10/Materials | Entered another Materials area 95 | -9/Materials | Evolved 2 slots: Propulsion x1, Utility x1 126 | -9/Materials | Discovered new exit (range 9) 126 | -9/Materials | Identified exit to Mines 144 | -9/Materials | Identified exit to Materials 169 | -9/Materials | Entered another Materials area 169 | -8/Materials | Evolved 2 slots: Propulsion x1, Utility x1 219 | -8/Materials | Core integrity fell below 50% 279 | -8/Materials | Identified exit to Storage 290 | -8/Materials | Discovered new exit (range 16) 297 | -8/Materials | Identified exit to Factory 298 | -8/Materials | Entered Factory 298 | -7/Factory | Evolved 2 slots: Propulsion x1, Utility x1 313 | -7/Factory | Build established: Mutant 412 | -7/Factory | Discovered new exit (range 8) 417 | -7/Factory | Identified exit to Factory 421 | -7/Factory | Entered another Factory area 421 | -6/Factory | Evolved 2 slots: Propulsion x1, Utility x1 565 | -6/Factory | Discovered new exit (range 8) 568 | -6/Factory | Identified exit to Factory 569 | -6/Factory | Entered another Factory area 569 | -5/Factory | Evolved 2 slots: Propulsion x1, Utility x1 579 | -5/Factory | Spotted B-75 Beast 599 | -5/Factory | Identified exit to Factory 611 | -5/Factory | Entered another Factory area 611 | -4/Factory | Evolved 2 slots: Propulsion x1, Utility x1 713 | -4/Factory | Identified exit to Research 726 | -4/Factory | Entered Research 726 | -3/Research | Evolved 2 slots: Propulsion x1, Utility x1 753 | -3/Research | Spotted B-86 Titan 790 | -3/Research | Adv. Hacking Suite fried by hacking feedback 877 | -3/Research | Self-destructed Last Messages --------------- 00833_ Connecting with Terminal... >>Trojan(Botnet) Trojan loaded successfully. Testing... Terminal linked with 0 systems. Awaiting botnet instructions. 00833_ ALERT: Suspicious activity at Terminal R005. Dispatching Investigation squad. 00842_ ALERT: Security rotation in progress. 00858_ Antigrav System destroyed. 00861_ Biometal Medium Treads destroyed. 00869_ Acquired Hvy. Linear Accelerator. 00870_ Dropped Hvy. Linear Accelerator. 00872_ Critical hit (Destroy). 00872_ Antigrav Array destroyed. 00875_ S-43 Plague destroyed. 00875_ Hacking Suite destroyed. 00875_ Destroyed Hacking Suite. 00875_ Antigrav Array destroyed. 00877_ Grenade Launcher destroyed. Map ----- +----------------------------------------------------+ | ???????????########### #????????????????? | | ????????###########??# #????????????????? | | ????????# ??# #????????????????? | | ????????# ?# #????????????????? | | ????????# ?# #????????????????? | | ????????# # ##########+####### | | ????????# # | | ????????# [[ + | | ????????# [[ # | | ????????# # | | ????????# ?# ########### #####? | | ????????# ?# #??########+#????? | | ????????# ??# #? #????? | | ????????# ??# #? #????? | | ????????##########???# #! """ #????? | | ?????????????????????# # """ #????? | | ?????????????????????# + """ #????? | | ?????????????????????# # #????? | | ?????????????????????# # #????? | | ??????????????????#### #############????? | | ??????????????????# #?????????? | | ??????????????????# #?????????? | | ??????????????????# = #?????????? | | ??????????????????# s% #?????????? | | ?????????????????### = ########?????????? | | ?????????????????# @ %* ! #????????????? | | ?????????????????# ! s #????????????? | | ?????????????????# #????????????? | | ?????????????????# #????????????? | | ?????????????????# #????????????? | | ?????????????????# """ """ #????????????? | | ?????????????????# """ """ #????????????? | | ?????????????????# """ """ #????????????? | | ?????????????????# """ """ #????????????? | | ?????????????????#= """ """ #????????????? | | ?????????????????# #????????????? | | ?????????????????# = #????????????? | | ?????????????????#############?????????????? | | ???????????????????????????????????????????? | | | | | | | | | | | | | | | | | | | | | | | +----------------------------------------------------+ Best States ------------- Heat Dissipation 46 Energy Generation 5 Energy Capacity 100 Matter Stores 300 Matter Capacity 300 Sight Range 22 Terrain Scan Density 110 Armor Coverage 150 Evasion (%) 63 Recoil Reduction 2 Offensive Hacking 24 Item Schematics ----------------- None Robot Schematics ------------------ None Fabricated ------------ Nothing Alien Tech Used ----------------- None Achievements -------------- None Challenges ------------ None Game ------ Seed AntimatterPhysicsDevice Manual? 0 Play Time 00:24:07 Cumulative 234.8 hours Start 2023.03.23 @ 11:08:01 End 2023.03.23 @ 13:32:32 Sessions 3 Manual Loads 0 Difficulty Rogue Special Mode None Game No. 140 Rogue 140 Adventurer 0 Explorer 0 Win Type - Total 10 Types 6/0/1/2/0/0/1/0/0 Lore% 77 Gallery% 81 Achievement% 75 Wizard Run 0 Options --------- ASCII 0 Keyboard 1 Movement Arrows Keybinds 0 Fullscreen 2 Font 18/X11 Map View 76x50 Tactical HUD 1 Map Filters NONE Filters NONE Steam 1 RUN: 97041caa-4013-4e47-b444-3d2d9ac59d3f